 Dungeon Crawl Stone Soup version 0.18.1-48-g4cf74bf (webtiles) character file.

231732 Alarkh the Impaler (level 18, -3/134 HPs)
             Began as a Mummy Skald on July 30, 2016.
             Was an Initiate of Gozag.
             Hit by a steel javelin thrown by a merfolk javelineer (21 damage)
             ... on level 4 of the Shoals.
             The game lasted 01:42:46 (44126 turns).

Alarkh the Impaler (Mummy Skald)                   Turns: 44126, Time: 01:42:47

Health: -3/134     AC: 23    Str: 18    XL:     18   Next: 80%
Magic:  34/34      EV: 12    Int: 20    God:    Gozag
Gold:   4128       SH:  0    Dex: 11    Spells: 6 memorised, 16 levels left

rFire  . . .     SeeInvis .     a - +9 halberd (flame)
rCold  + . .     Gourm    .     m - +5 ring mail {rF+}
rNeg   + + +     Faith    .     (shield currently unavailable)
rPois  ∞         Spirit   .     l - +0 helmet
rElec  .         Dismiss  .     D - +2 cloak {+Inv}
rCorr  .         Reflect  .     M - +2 pair of gloves {Str+3}
SustAt .         Harm     .     G - +2 pair of boots {run}
MR     ++...                    I - amulet of regeneration
Stlth  +.........               t - +3 ring of evasion
                                f - ring of flight

@: gold aura, flying, deflect missiles, quick, very resistant to hostile
enchantments, very unstealthy
A: no food or potions, fire vulnerability, cold resistance 1, negative energy
resistance 3, torment resistance, unbreathing, in touch with death 1, restore
body
a: Self-Restoration, Potion Petition, Call Merchant, Bribe Branch, Renounce
Religion, Evoke Invisibility, Stop Flying
}: 1/15 runes: serpentine


You were on level 4 of the Shoals.
You worshipped Gozag.
Gozag was noncommittal.
You were not hungry.

You visited 6 branches of the dungeon, and saw 34 of its levels.
You also visited: Volcano.

You collected 14745 gold pieces.
You spent 2988 gold pieces at shops.
You paid 7629 gold pieces to Gozag.

Inventory:

Hand Weapons
 a - a +9 halberd of flaming (weapon)
Missiles
 E - 2 throwing nets (quivered)
Armour
 l - a +0 helmet (worn)
 m - a +5 ring mail of fire resistance (worn)
 w - the +4 ring mail "Kikhyeg" {rCorr Stlth+}
   (You bought it in a shop on level 1 of the Lair of Beasts)

   It protects you from acid and corrosion.
   It makes you more stealthy.
 D - a +2 cloak of invisibility (worn)
 G - a +2 pair of boots of running (worn)
 M - a +2 pair of gloves of strength (worn)
Magical Staves
 n - an uncursed staff of energy
Jewellery
 f - a ring of flight (left hand)
 i - an uncursed ring of see invisible
 s - an uncursed ring of protection from fire
 t - a +3 ring of evasion (right hand)
 y - a cursed ring of teleportation
 I - an amulet of regeneration (around neck)
 S - an uncursed ring of sustain attributes
 T - the ring of the Thirteen Ships {-Tele +Fly rElec rN+ Str+2}
   (You found it on level 3 of the Snake Pit)

   [ring of flight]

   It affects your strength (+2).
   It insulates you from electricity.
   It protects you from negative energy.
   It lets you fly.
   It prevents most forms of teleportation.
Wands
 b - a wand of digging (15/24)
 e - a wand of paralysis (3/24)
 g - a wand of teleportation (6/9)
 r - a wand of disintegration (12/24)
 x - a wand of teleportation (5/9)
 Y - a wand of heal wounds (5/9)
Scrolls
 d - a scroll of recharging
 h - 4 scrolls of fog
 p - 12 scrolls of remove curse
 q - 4 scrolls of magic mapping
 u - 7 scrolls of identify
 z - a scroll of silence
 H - 2 scrolls of vulnerability
Miscellaneous
 c - a plain deck of changes
 k - a crystal ball of energy


   Skills:
 - Level 10.0 Fighting
 - Level 16.0 Polearms
 - Level 9.0 Armour
 - Level 9.0 Dodging
 + Level 12.0 Spellcasting
 + Level 11.2 Charms
 * Level 12.9 Air Magic


You had 16 spell levels left.
You knew the following spells:

 Your Spells              Type           Power        Failure   Level  Hunger
a - Spectral Weapon       Hex/Chrm       ####....     2%          3    N/A
b - Tornado               Air            ######....   100%        9    N/A
c - Infusion              Chrm           ####         1%          1    N/A
d - Deflect Missiles      Chrm/Air       ######....   12%         6    N/A
e - Airstrike             Air            ######....   1%          4    N/A
r - Shroud of Golubria    Chrm/Tloc      ####......   1%          2    N/A

Dungeon Overview and Level Annotations

Branches:
Dungeon (15/15)            Temple (1/1) D:7            Lair (8/8) D:9
 Shoals (4/4) Lair:4        Snake (4/4) Lair:6        Slime (0/6) Lair:7
    Orc (2/2) D:11            Elf (0/3) Orc:2        Vaults (0/5) D:14
 Depths (0/5) D:15

Altars:
Ashenzari
Cheibriados
Dithmenos
Elyvilon
Fedhas
Gozag
Kikubaaqudgha
Makhleb
Nemelex Xobeh
Okawaru
Pakellas
Qazlal
Ru
Sif Muna
Trog
Vehumet
Xom
Yredelemnul
Zin
The Shining One
Beogh

Shops:
D:15 *   Orc:2 ([((   Lair:1 :[=[:([   Shoals:3 =%!(}   Shoals:4 !   Snake:2 [

Annotations:
Shoals:4 Polyphemus


Innate Abilities, Weirdness & Mutations

You do not eat or drink.
Your flesh is vulnerable to fire.
You are immune to poison.
Your flesh is cold resistant.
You are immune to negative energy.
You are immune to unholy pain and torment.
You can survive without breathing.
You are in touch with the powers of death.
You can restore your body by infusing magical energy.


Message History

Polyphemus throws the death yak at you!
* * * LOW HITPOINT WARNING * * *
The death yak gores you but does no damage.
The merfolk throws a tomahawk.
You deflect the tomahawk! The merfolk is distracted by your gold.
The merfolk impaler hits you but does no damage.
The merfolk throws a tomahawk.
You deflect the tomahawk!
You hear a splash.
The death yak is distracted by your gold.
The merfolk is distracted by your gold.
You see here a tomahawk.
Polyphemus throws a large rock.
You deflect the large rock! 2 death yaks come into view.
There is a stone staircase leading up here.
You see here a large rock.
The death yak bellows!
The merfolk javelineer throws a steel javelin.
The steel javelin hits you!!
You die...
Your body crumbles into a pile of gold.

# ###...≈≈≈≈≈≈≈≈≈≈≈PPPP≈≈≈≈≈ ##
####...≈≈≈≈≈≈≈≈≈≈≈≈≈PPP≈≈≈≈≈≈
≈###.#≈....≈≈≈≈≈≈≈≈≈≈≈≈PPP≈≈≈≈≈≈
............≈≈≈.≈≈≈≈≈≈≈≈≈≈≈≈≈≈≈
.............)≈≈≈≈≈≈≈≈≈≈≈.≈≈≈≈≈
.............≈≈≈≈≈≈≈≈..≈≈≈≈≈≈≈≈
)...........≈≈≈≈≈≈......
...........(≈≈≈≈≈≈...#
...........≈≈≈..@..≈?#
......≈≈≈≈....m.....≈...
......≈≈≈≈..((###...≈≈≈≈
.....≈≈≈≈≈..m.Y.....≈≈≈≈
....≈≈≈≈≈≈≈≈.........≈≈≈
≈≈≈≈≈≈≈....m.....≈
≈≈≈m≈≈≈mmm.Y......
≈≈≈≈≈≈≈≈≈...CY.Y..
≈≈≈≈≈≈≈≈m....m.


You could see Polyphemus, a merfolk impaler, a merfolk javelineer, 3 death yaks,
a merfolk and a water nymph.

Vanquished Creatures
  Saint Roka (Orc:2)
  Rupert (D:14)
  Kirke (D:14)
  Ilsuiw (Shoals:3)
  8 greater nagas
  Roxanne (Snake:2)
  The ghost of junkhipster the Bludgeoner, an adept GrFi of Cheibriados (Shoals:2)
  Louise (D:15)
  Nessos (Lair:5)
  Azrael (D:13)
  2 dire elephants
  4 merfolk javelineers
  2 merfolk impalers
  2 vault guards (D:14)
  Josephine (D:15)
  11 naga warriors
  2 catoblepae
  2 merfolk avatars
  9 anacondas
  4 centaur warriors
  12 hydras
  Erica (Lair:1)
  An ogre mage (D:10)
  An alligator snapping turtle (Shoals:2)
  2 merfolk aquamancers
  A deep troll shaman (Lair:8)
  A queen ant (Lair:3)
  A satyr (Shoals:3)
  15 death yaks
  11 shock serpents
  10 naga sharpshooters
  3 orc high priests
  Sonja (D:13)
  A deep elf knight (D:14)
  A fire crab (shapeshifter) (D:14)
  Nergalle (D:10)
  5 sea snakes
  2 salamander mystics
  2 unseen horrors
  11 naga ritualists
  2 wizards (D:14)
  11 harpies
  3 hill giants
  The ghost of MTVSty1e the Skirmisher, a novice FoEE of the Shining One (D:6)
  4 orc knights
  3 deep elf magi
  15 griffons
  3 ugly things (D:12)
  3 orc sorcerers
  15 mana vipers
  4 oklob plants
  12 elephants
  12 manticores
  5 fauns
  5 cyclopes
  10 salamanders
  A hornet (shapeshifter) (D:14)
  Maurice (D:10)
  4 water nymphs
  45 black mambas
  A guardian serpent (Snake:2)
  16 sirens
  Joseph (D:7)
  23 naga magi
  2 gargoyles (Volcano)
  7 centaur skeletons
  16 spiny frogs
  A torpor snail (Lair:7)
  7 rime drakes
  A yaktaur (D:14)
  An efreet (Volcano)
  17 komodo dragons
  29 merfolk
  A polar bear (Lair:8)
  10 trolls
  4 wind drakes
  4 two-headed ogres
  14 blink frogs
  A boulder beetle (Lair:5)
  10 snapping turtles
  5 slime creatures (D:14)
  7 wraiths
  10 water elementals
  68 yaks
  5 basilisks
  6 wyverns
  5 fire elementals
  3 hogs (D:14)
  20 humans
  3 hungry ghosts
  16 hippogriffs
  A steam dragon (Lair:2)
  3 vampire mosquitoes (D:15)
  Menkaure (D:7)
  6 wargs
  37 nagas
  20 soldier ants
  6 hell hounds
  13 water moccasins
  15 porcupines
  43 orc warriors
  13 ice beasts
  2 wasps
  7 black bears
  3 phantoms
  6 sky beasts
  2 eyes of draining
  5 boggarts (D:15)
  22 wolves
  12 ogres
  12 centaurs
  16 crocodiles
  3 big kobolds
  Blork the orc (Orc:1)
  A gnoll sergeant (D:7)
  15 giant frogs
  A wyvern zombie (D:13)
  3 wyvern skeletons
  3 scorpions
  3 killer bees (D:9)
  8 wights (D:14)
  5 electric eels
  7 crimson imps
  3 centaur zombies
  3 giant frog zombies (D:12)
  A quasit (D:7)
  3 giant frog skeletons (D:12)
  6 jellies
  39 orc wizards
  20 orc priests
  9 hounds
  10 iguanas
  33 worker ants
  23 sheep
  A hound zombie (D:10)
  2 worker ant zombies (D:5)
  11 adders
  3 gnolls (D:7)
  A howler monkey skeleton (D:4)
  19 river rats
  2 shadow imps (D:14)
  An ooze (D:5)
  An adder skeleton (D:9)
  3 dart slugs
  6 giant geckos
  118 orcs
  A giant cockroach (D:1)
  8 goblins
  9 hobgoblins
  10 jackals
  8 quokkas
  3 ball pythons
  A ball python skeleton (D:4)
  8 bats
  A giant gecko zombie (D:5)
  6 giant newts
  20 kobolds
  A quokka skeleton (D:9)
  A quokka zombie (D:7)
  10 rats
  A butterfly (Lair:7)
  A fungus (Lair:3)
  2 plants
1316 creatures vanquished.

Vanquished Creatures (others)
  An orc wizard (D:14)
  2 orcs (D:14)
  A bush (Lair:8)
  13 fungi
  32 plants
  63 spectral weapons
112 creatures vanquished.

Grand Total: 1428 creatures vanquished

Notes
Turn   | Place    | Note
--------------------------------------------------------------
     0 | D:1      | Alarkh the Mummy Skald began the quest for the Orb.
     0 | D:1      | Reached XP level 1. HP: 16/16 MP: 3/3
   112 | D:1      | Reached skill level 2 in Polearms
   172 | D:1      | Reached XP level 2. HP: 14/22 MP: 0/5
   679 | D:1      | Reached XP level 3. HP: 27/27 MP: 6/6
   912 | D:2      | Found a sparkling altar of Nemelex Xobeh.
   941 | D:2      | Reached skill level 3 in Polearms
  1166 | D:2      | Reached XP level 4. HP: 31/33 MP: 0/7
  1636 | D:3      | Reached skill level 4 in Polearms
  1882 | D:3      | Reached XP level 5. HP: 4/38 MP: 1/8
  2249 | D:3      | Found a radiant altar of Vehumet.
  2888 | D:3      | Learned a level 2 spell: Shroud of Golubria
  2892 | D:3      | Learned a level 3 spell: Spectral Weapon
  3172 | D:4      | Reached skill level 5 in Polearms
  3400 | D:4      | Found a snail-covered altar of Cheibriados.
  3424 | D:4      | Found a burning altar of Makhleb.
  3427 | D:4      | Found an ancient bone altar of Kikubaaqudgha.
  3476 | D:4      | Reached XP level 6. HP: 31/44 MP: 9/9
  3779 | D:4      | Found a white marble altar of Elyvilon.
  3805 | D:5      | Entered Level 5 of the Dungeon
  3916 | D:5      | Found a blossoming altar of Fedhas.
  4051 | D:5      | Noticed a hungry ghost
  4068 | D:5      | Killed a hungry ghost
  4068 | D:5      | Reached skill level 6 in Polearms
  4149 | D:5      | Noticed a sky beast
  4162 | D:5      | Reached XP level 7. HP: 50/50 MP: 10/10
  4675 | D:6      | Reached skill level 7 in Polearms
  4875 | D:6      | Noticed MTVSty1e's ghost (novice FoEE)
  5145 | D:7      | Found a staircase to the Ecumenical Temple.
  5156 | Temple   | Entered the Ecumenical Temple
  5370 | Temple   | Became a worshipper of Gozag Ym Sagoz the Greedy
  5542 | D:7      | Noticed Joseph
  5816 | D:6      | Killed MTVSty1e's ghost
  5816 | D:6      | Reached skill level 9 in Polearms
  5816 | D:6      | Reached XP level 8. HP: 38/56 MP: 11/11
  6450 | D:7      | Killed Joseph
  6550 | D:7      | Reached skill level 10 in Polearms
  6770 | D:7      | Reached XP level 9. HP: 60/61 MP: 10/12
  6911 | D:7      | Noticed Menkaure
  6927 | D:7      | Killed Menkaure
  6939 | D:7      | Found a bloodstained altar of Trog.
  7062 | D:7      | Reached skill level 11 in Polearms
  7471 | D:7      | Got a smoking great sword
  7472 | D:7      | Identified the +12 great sword of Untimely Demise {flame, rN+ MP+9 Str-4 Int+4} (You found it on level 7 of the Dungeon)
  7647 | D:8      | Found an iron altar of Okawaru.
  7718 | D:8      | Got a steaming war axe
  7829 | D:7      | Identified the +9 war axe of Disharmony {venom, *Confuse rElec rN+} (You found it on level 8 of the Dungeon)
  8231 | D:8      | Found a glowing silver altar of Zin.
  8231 | D:8      | Found a blossoming altar of Fedhas.
  8232 | D:8      | Found a glowing golden altar of the Shining One.
  8783 | D:9      | Reached XP level 10. HP: 55/67 MP: 13/13
  8930 | D:9      | Reached skill level 12 in Polearms
  9322 | D:9      | Found a staircase to the Lair.
  9445 | D:9      | Found a deep blue altar of Sif Muna.
  9716 | D:9      | Found a shattered altar of Ashenzari.
 10462 | Lair:1   | Entered Level 1 of the Lair of Beasts
 10462 | Lair:1   | Noticed Erica
 10493 | Lair:1   | Noticed an oklob plant
 10493 | Lair:1   | Noticed an oklob plant
 10496 | Lair:1   | Noticed a spiny frog
 10504 | Lair:1   | Killed a spiny frog
 10584 | Lair:1   | Found an iron altar of Okawaru.
 10605 | Lair:1   | Noticed a spiny frog
 10627 | Lair:1   | Killed a spiny frog
 10650 | Lair:1   | Reached skill level 5 in Spellcasting
 10664 | Lair:1   | Reached skill level 5 in Charms
 10667 | Lair:1   | Noticed a black mamba
 10753 | Lair:1   | Killed a black mamba
 10753 | Lair:1   | Reached XP level 11. HP: 20/72 MP: 9/18
 11645 | Lair:1   | Noticed a four-headed hydra
 12391 | Lair:1   | Reached skill level 13 in Polearms
 12761 | Lair:1   | Killed Erica
 13786 | Lair:1   | Killed a four-headed hydra
 13808 | Lair:1   | Reached skill level 14 in Polearms
 13808 | Lair:1   | Reached XP level 12. HP: 49/78 MP: 6/21
 13816 | Lair:1   | Learned a level 4 spell: Airstrike
 13823 | Lair:1   | Learned a level 6 spell: Deflect Missiles
 14172 | Lair:1   | Reached skill level 1 in Armour
 14509 | Lair:2   | Reached skill level 1 in Dodging
 14832 | Lair:2   | Reached skill level 1 in Air Magic
 14843 | Lair:2   | HP: 3/80 [spiny frog (14)]
 15676 | Lair:1   | Bought a bloodstained cloak for 228 gold pieces
 15676 | Lair:1   | Bought a bloodstained ring mail for 216 gold pieces
 15686 | Lair:1   | Identified the -6 cloak of Distriaru {*Corrode rN++} (You bought it in a shop on level 1 of the Lair of Beasts)
 15696 | Lair:1   | Identified the +4 ring mail "Kikhyeg" {rCorr Stlth+} (You bought it in a shop on level 1 of the Lair of Beasts)
 15710 | Lair:1   | Bought a cursed ring of teleportation for 67 gold pieces
 15710 | Lair:1   | Bought an uncursed ring of see invisible for 225 gold pieces
 15944 | Lair:3   | Noticed a queen ant
 16229 | Lair:3   | Killed a queen ant
 16884 | Lair:3   | Reached skill level 15 in Polearms
 17885 | Lair:4   | Found a dark tunnel.
 17902 | Volcano  | Entered a volcano
 18570 | Lair:4   | Gained mutation: You are in touch with the powers of death. [Mummy growth]
 18570 | Lair:4   | Gained mutation: You can restore your body by infusing magical energy. [Mummy growth]
 18570 | Lair:4   | Reached XP level 13. HP: 75/86 MP: 16/23
 18589 | Lair:4   | Found a staircase to the Shoals.
 20133 | Lair:4   | Reached skill level 16 in Polearms
 21408 | Lair:5   | Noticed Nessos
 22358 | Lair:5   | Killed Nessos
 22586 | Lair:6   | Found a staircase to the Snake Pit.
 24132 | Lair:7   | Reached XP level 14. HP: 66/96 MP: 17/25
 24353 | Lair:7   | Reached skill level 5 in Air Magic
 24503 | Lair:7   | Found a staircase to the Slime Pits.
 24802 | Lair:8   | Entered Level 8 of the Lair of Beasts
 24932 | Lair:8   | Reached skill level 5 in Fighting
 25768 | Lair:8   | Reached skill level 5 in Dodging
 25800 | Lair:8   | Reached skill level 5 in Armour
 25869 | Lair:8   | Identified a -1 rod of shadows (11/11) (You found it on level 8 of the Lair of Beasts)
 26529 | Lair:8   | Reached XP level 15. HP: 91/105 MP: 22/27
 27040 | Lair:1   | Learned a level 9 spell: Tornado
 27180 | D:10     | Entered Level 10 of the Dungeon
 27188 | D:10     | Noticed Maurice
 27195 | D:10     | Killed Maurice
 27381 | D:10     | Noticed Nergalle
 27388 | D:10     | Killed Nergalle
 27730 | D:11     | Found a stormy altar of Qazlal.
 28051 | D:11     | Found a staircase to the Orcish Mines.
 28070 | D:11     | Found a roughly hewn altar of Beogh.
 28300 | Orc:1    | Entered Level 1 of the Orcish Mines
 28484 | Orc:1    | Noticed Blork the orc
 28493 | Orc:1    | Killed Blork the orc
 28927 | Orc:2    | Entered Level 2 of the Orcish Mines
 28927 | Orc:2    | Found a staircase to the Elven Halls.
 29690 | Orc:2    | Noticed Saint Roka
 30222 | Orc:2    | Found a roughly hewn altar of Beogh.
 30267 | Orc:2    | Killed Saint Roka
 30772 | Orc:2    | Found a roughly hewn altar of Beogh.
 30907 | Orc:2    | Found Dutrak's Antique Weapon Shop.
 30909 | Orc:2    | Found a roughly hewn altar of Beogh.
 30911 | Orc:2    | Found Hyili's Antique Armour Boutique.
 30918 | Orc:2    | Bought a pair of runed boots for 103 gold pieces
 30963 | Orc:2    | Found a roughly hewn altar of Beogh.
 31108 | Orc:2    | Found a roughly hewn altar of Beogh.
 31112 | Orc:2    | Found Veothrob's Antique Weapon Shoppe.
 31138 | Orc:2    | Found a roughly hewn altar of Beogh.
 31162 | Orc:2    | Found Susei's Antique Weapon Emporium.
 31229 | Orc:2    | Found a roughly hewn altar of Beogh.
 31271 | Orc:2    | Found a roughly hewn altar of Beogh.
 31472 | Lair:1   | Bought a pair of runed boots for 108 gold pieces
 31472 | Lair:1   | Bought a heavily runed shield for 228 gold pieces
 31472 | Lair:1   | Bought a glowing cloak for 108 gold pieces
 31485 | Lair:1   | Bought a +2 pair of boots of running for 539 gold pieces
 31511 | Lair:1   | Identified the +5 shield of Midwinter {rPois rC+ Int+3 Dex+5} (You bought it in a shop on level 1 of the Lair of Beasts)
 32660 | D:13     | Noticed Sonja
 32671 | D:13     | Killed Sonja
 32776 | D:13     | Noticed Azrael
 32966 | D:13     | Killed Azrael
 33544 | D:14     | Reached XP level 16. HP: 87/116 MP: 25/29
 33567 | D:14     | Noticed Rupert
 33574 | D:14     | Killed Rupert
 33994 | D:14     | Noticed Kirke
 34009 | D:14     | Killed Kirke
 34234 | D:14     | Found a gate to the Vaults.
 34683 | D:15     | Entered Level 15 of the Dungeon
 34771 | D:15     | Found Xixkyerhe's Assorted Antiques.
 34780 | D:15     | Bought a triangular bone amulet for 145 gold pieces
 34783 | D:15     | Noticed Louise
 34803 | D:15     | Killed Louise
 34811 | D:15     | Reached skill level 10 in Spellcasting
 34883 | D:15     | Noticed Josephine
 34891 | D:15     | Killed Josephine
 35110 | D:15     | Found a staircase to the Depths.
 35599 | Snake:1  | Entered Level 1 of the Snake Pit
 35651 | Snake:1  | You fall through a shaft!
 35652 | Snake:2  | Noticed Roxanne
 36455 | Snake:1  | Reached skill level 10 in Air Magic
 36527 | Snake:2  | Found Jaogunolel's Antique Armour Boutique.
 37026 | Snake:2  | Reached XP level 17. HP: 125/125 MP: 24/31
 37265 | Snake:2  | Bought a pair of runed gloves for 157 gold pieces
 37900 | Snake:2  | Killed Roxanne
 38102 | Snake:3  | Got a coiled lead ring
 38105 | Snake:3  | Identified the ring of the Thirteen Ships {-Tele +Fly rElec rN+ Str+2} (You found it on level 3 of the Snake Pit)
 38777 | Snake:4  | Entered Level 4 of the Snake Pit
 39257 | Snake:4  | Reached skill level 10 in Charms
 39611 | Snake:4  | Reached skill level 10 in Fighting
 39809 | Snake:4  | Reached XP level 18. HP: 122/134 MP: 30/33
 39955 | Snake:4  | Got a serpentine rune of Zot
 40312 | Shoals:1 | Entered Level 1 of the Shoals
 41785 | Shoals:2 | Noticed junkhipster's ghost (adept GrFi)
 41959 | Shoals:2 | Killed junkhipster's ghost
 42172 | Shoals:3 | Noticed Ilsuiw
 42210 | Shoals:3 | Found Kimang's Distillery.
 42210 | Shoals:3 | Found Dunwysot's Food Shoppe.
 42342 | Shoals:3 | Found Kaowam's Jewellery Boutique.
 42414 | Shoals:3 | Killed Ilsuiw
 42553 | Shoals:3 | Found Vaad's Weapon Boutique.
 42662 | Shoals:3 | Found Fyggamep's Gadget Boutique.
 42732 | Shoals:3 | Bought a wand of heal wounds (5/9) for 864 gold pieces
 43185 | Shoals:4 | Entered Level 4 of the Shoals
 43774 | Shoals:4 | Found Xigenara's Distillery.
 44121 | Shoals:4 | Noticed Polyphemus
 44126 | Shoals:4 | Hit by a steel javelin thrown by a merfolk javelineer

Skill      XL: |  1  2  3  4  5  6  7  8  9 10 11 12 13 14 15 16 17 18 |
---------------+-------------------------------------------------------+-----
Polearms       | 2 3 4 5 6 9 10 11 12 14 15 16 | 16.0
Charms         | 5 6 7 8 9 10 11 | 11.2
Spellcasting   | 5 6 7 8 9 10 11 12 | 12.0
Armour         | 1 3 5 6 7 8 9 |  9.0
Dodging        | 1 3 5 6 7 8 9 |  9.0
Air Magic      | 1 4 6 8 10 11 12 | 12.9
Fighting       | 3 4 6 7 9 10 | 10.0

Action                   |  1- 3 |  4- 6 |  7- 9 | 10-12 | 13-15 | 16-18 || total
-------------------------+-------+-------+-------+-------+-------+-------++-------
Melee: Spear             |   129 |   159 |       |       |       |       ||   288
       Trident           |       |   108 |   485 |   617 |       |       ||  1210
       Great sword       |       |       |     5 |       |       |       ||     5
       War axe           |       |       |       |     8 |       |       ||     8
       Halberd           |       |       |       |   328 |  1271 |  1456 ||  3055
 Cast: Infusion          |    23 |    40 |    47 |    20 |       |       ||   130
       Shroud of Golubri |       |     1 |    16 |    28 |    29 |     2 ||    76
       Spectral Weapon   |       |       |    17 |   104 |   192 |   172 ||   485
       Deflect Missiles  |       |       |       |       |       |     6 ||     6
       Airstrike         |       |       |       |       |       |     2 ||     2
Invok: Call Merchant     |       |       |       |     2 |     4 |     1 ||     7
       Potion Petition   |       |       |       |     1 |       |       ||     1
 Abil: Evoke Flight      |       |       |     1 |     1 |       |     9 ||    11
Evoke: Wand              |       |       |       |     8 |     3 |     6 ||    17
       Rod               |       |       |       |     1 |       |       ||     1
  Use: Scroll            |       |       |    11 |    11 |    17 |    17 ||    56
 Stab: Distracted        |       |       |     1 |    16 |    17 |    24 ||    58
       Sleeping          |       |       |       |     4 |     2 |       ||     6
       Paralysed         |       |       |       |     4 |       |       ||     4
Armor: Leather armour    |    41 |    90 |   111 |   127 |       |       ||   369
       Robe              |       |       |     8 |       |       |       ||     8
       Skin              |       |       |       |     1 |       |       ||     1
       Ring mail         |       |       |       |   100 |   233 |   388 ||   721
Dodge: Dodged            |    76 |   115 |   243 |   367 |   414 |   712 ||  1927
       Deflected         |       |       |       |       |       |    49 ||    49
